 Dungeon Crawl Stone Soup version 0.25.0-10-g039870ee82 (webtiles) character file.

Game seed: 15855111746774264867

942 Aviak the Skirmisher (level 8, -5/58 HPs)
             Began as an Octopode Venom Mage on June 24, 2020.
             Slain by a yak (12 damage)
             ... on level 9 of the Dungeon.
             The game lasted 00:09:47 (6682 turns).

Aviak the Skirmisher (Octopode Venom Mage)          Turns: 6682, Time: 00:09:48

Health: -5/58      AC:  1    Str:  8    XL:     8   Next: 12%
Magic:  2/12       EV: 13    Int: 19    God:
Gold:   297        SH:  0    Dex: 12    Spells: 7/13 levels left

rFire    . . .     SeeInvis .     - Unarmed
rCold    . . .     Gourm    .   (no shield)
rNeg     . . .     Faith    .   (helmet restricted)
rPois    .         Spirit   .   a - amulet of the acrobat
rElec    .         Reflect  .   (no ring)
rCorr    .         Harm     .   (no ring)
MR       .....                  (no ring)
Stlth    +++.......             (no ring)
HPRegen  0.19/turn              (no ring)
MPRegen  0.13/turn              (no ring)
                                (no ring)
                                (no ring)

@: no status effects
A: almost no armour, stealthy swim, amphibious, 8 rings, constrict 8, camouflage
1, gelatinous body 1
a: no special abilities


You were on level 9 of the Dungeon.
You were hungry.

You visited 1 branch of the dungeon, and saw 7 of its levels.

You collected 297 gold pieces.

Inventory:

Jewellery
 a - an amulet of the acrobat (around mantle)
Wands
 k - a wand of iceblast (10)
Scrolls
 c - 4 scrolls of remove curse {unknown}
 d - a scroll of noise {unknown}
 e - 3 scrolls of immolation {unknown}
 f - 5 scrolls of teleportation {unknown}
 i - 2 scrolls of identify
 o - a scroll of enchant weapon {unknown}
Potions
 g - a potion of ambrosia
 j - a potion of haste {unknown}
 l - a potion of might
 m - 2 potions of curing {unknown}
Comestibles
 b - 10 rations


   Skills:
 + Level 6.4 Fighting
 - Level 2.0 Dodging
 - Level 2.6 Stealth
 - Level 2.0 Unarmed Combat
 - Level 3.0 Spellcasting
 - Level 3.0 Transmutations
 - Level 2.0 Fire Magic
 - Level 3.0 Air Magic
 - Level 4.0 Poison Magic


You had 7 spell levels left.
You knew the following spells:

 Your Spells              Type           Power        Failure   Level  Hunger
a - Sting                 Tmut/Pois      ###.         3%          1    None
b - Poisonous Vapours     Pois/Air       ###...       5%          2    ##.....
c - Ignite Poison         Fire/Tmut/Pois ##......     13%         3    ###....

Your spell library contained the following spells:

 Spells                   Type           Power        Failure   Level  Hunger
 Mephitic Cloud           Conj/Pois/Air  ##......     19%         3    ###....
 Olgreb's Toxic Radiance  Pois           ###.....     28%         4    ####...


Dungeon Overview and Level Annotations

Branches:
Dungeon (6/15)
 Temple: D:4-7

Altars:

Annotations:
D:6 Dowan, Duvessa


Innate Abilities, Weirdness & Mutations

You cannot wear most types of armour.
You are very stealthy in the water. (Stealth+)
You are amphibious.
You can wear up to eight rings at the same time.
You can use your tentacles to constrict eight enemies at once.
Your skin changes colour to match your surroundings (Stealth+).
Your rubbery body absorbs attacks. (AC +1, EV +1)


Message History

The yak is moderately wounded.
The yak gores you!
* * * LOW HITPOINT WARNING * * *
You are too injured to fight recklessly!
Unknown command.
You are too injured to fight recklessly!
Unknown command.
You are too injured to fight recklessly!
Unknown command.
You are too injured to fight recklessly!
Unknown command.
You tentacle-slap the yak.
The yak is moderately wounded.
The yak gores you.
* * * LOW HITPOINT WARNING * * *
A jackal comes into view.
You tentacle-slap the yak.
The yak is moderately wounded.
The yak looks more healthy.
The yak gores you!
You die...

.. #. ..
##h .O
###. #.Y#
#
#.@##..##.
#..r......
##########


You could see a yak, an ogre, a quokka and a jackal.

Vanquished Creatures
  3 ogres
  Blork the orc (D:5)
  A bullfrog (D:5)
  A scorpion (D:5)
  A howler monkey (D:5)
  A crimson imp (D:5)
  A hound (D:6)
  An orc priest (D:4)
  An orc wizard (D:3)
  Ijyb (D:4)
  An iguana (D:4)
  3 worker ants (D:5)
  A hound zombie (D:5)
  Robin (D:4)
  8 adders
  An adder skeleton (D:5)
  2 worms (D:2)
  2 dart slugs
  5 leopard geckos
  23 orcs
  19 goblins
  7 hobgoblins
  4 jackals (D:4)
  A quokka (D:4)
  A ball python (D:4)
  6 bats
  4 frilled lizards
  7 kobolds
  A leopard gecko zombie (D:5)
  4 rats
113 creatures vanquished.

Notes
Turn   | Place    | Note
-------+----------+-------------------------------------------
     0 | D:1      | Aviak the Octopode Venom Mage began the quest for the Orb.
     0 | D:1      | Reached XP level 1. HP: 11/11 MP: 3/3
   283 | D:1      | Reached XP level 2. HP: 17/17 MP: 0/5
   985 | D:2      | Reached skill level 1 in Unarmed Combat
  1157 | D:2      | Reached XP level 3. HP: 21/21 MP: 3/6
  1482 | D:2      | Learned a level 2 spell: Poisonous Vapours
  2325 | D:3      | Reached XP level 4. HP: 27/27 MP: 1/7
  2904 | D:3      | Learned a level 3 spell: Ignite Poison
  3447 | D:3      | Reached XP level 5. HP: 31/31 MP: 6/9
  3848 | D:4      | Reached skill level 1 in Fighting
  3848 | D:4      | Reached skill level 1 in Fire Magic
  3848 | D:4      | Reached skill level 1 in Air Magic
  4428 | D:4      | Noticed Ijyb
  4442 | D:4      | Killed Ijyb
  4442 | D:4      | Reached XP level 6. HP: 39/39 MP: 0/10
  4450 | D:4      | Noticed Robin
  4498 | D:4      | Killed Robin
  4778 | D:4      | Reached skill level 2 in Fighting
  5035 | D:5      | Entered Level 5 of the Dungeon
  5395 | D:5      | Noticed Blork the orc
  5422 | D:5      | Killed Blork the orc
  5422 | D:5      | Reached skill level 3 in Fighting
  5422 | D:5      | Reached XP level 7. HP: 27/46 MP: 2/11
  5638 | D:5      | Reached skill level 4 in Fighting
  5840 | D:5      | Reached skill level 5 in Fighting
  6319 | D:6      | Noticed Duvessa
  6327 | D:6      | Noticed Dowan
  6387 | D:5      | Reached skill level 6 in Fighting
  6387 | D:5      | Reached XP level 8. HP: 12/57 MP: 4/12
  6672 | D:6      | You fall into a shaft and drop 3 floors!
  6673 | D:9      | Noticed a yak
  6682 | D:9      | Slain by a yak

Illustrated notes

Levels and vault maps discovered:
D:1:      psy_arrival_basics, layout_basic
D:2:      layout_loops_ring
D:3:      layout_loops_cross
D:4:      layout_cave_pools, uniq_ijyb, uniq_robin
D:5:      layout_rooms, first_ration, uniq_blork_the_orc
D:6:      layout_rooms, minmay_temple_entry_glassed_door,
          hangedman_decor_growths, kennysheep_small_spiral, uniq_duvessa
D:9:      wad_guarded_room, layout_loops_corners

Skill      XL: |  1  2  3  4  5  6  7 |
---------------+----------------------+-----
Unarmed Combat | 1 2 |  2.0
Poison Magic   | 4 |  4.0
Transmutations | 2 3 |  3.0
Spellcasting   | 3 |  3.0
Fighting       | 1 3 6 |  6.4
Fire Magic     | 1 2 |  2.0
Air Magic      | 1 3 |  3.0
Dodging        | |  2.0
Stealth        | |  2.6

Action                   |  1- 3 |  4- 6 |  7- 9 || total
-------------------------+-------+-------+-------++-------
Melee: Unarmed           |    24 |   120 |    29 ||   173
       Constrict         |    11 |    33 |     4 ||    48
       Tentacles         |     4 |    24 |     5 ||    33
       Punch             |       |     2 |       ||     2
 Cast: Sting             |    38 |     1 |     2 ||    41
       Poisonous Vapours |    10 |    51 |    37 ||    98
  Use: Scroll            |       |     3 |       ||     3
       Potion            |       |       |     4 ||     4
 Stab: Sleeping          |     2 |     2 |     1 ||     5
  Eat: Chunk             |     5 |    12 |     5 ||    22
Armor: Skin              |     3 |     5 |       ||     8
Dodge: Dodged            |    38 |    70 |    47 ||   155
